 Dungeon Crawl Stone Soup version 0.29.1-1-gd02db6906a (webtiles) character file.

Game seed: 7997617378469073665

815 SturmBrightblade the Covert (level 7, -6/46 HPs)
             Began as a Vampire Necromancer on Sept 24, 2022.
             Was a Believer of Wu Jian.
             Mangled by an ogre
             ... wielding a +0 giant club
              (23 damage)
             ... on level 6 of the Dungeon on Sept 25, 2022.
             The game lasted 00:40:52 (5205 turns).

SturmBrightblade the Covert (Vampire Necromancer)   Turns: 5205, Time: 00:40:53

Health: -6/46      AC:  9    Str: 12    XL:     7   Next: 62%
Magic:  11/12      EV: 12    Int: 28    God:    Wu Jian [**....]
Gold:   181        SH:  0    Dex: 19    Spells: 6/13 levels left

rFire   . . .      SeeInvis +   g - +3 dagger (venom)
rCold   + . .      Faith    .   (no shield)
rNeg    . . .      Spirit   .   Q - +1 ring mail of Depression {rElec rCorr Str+5}
rPois   .          Reflect  .   (no helmet)
rElec   +          Harm     .   W - +0 cloak
rCorr   +          Rampage  .   (no gloves)
Will    .....                   c - +1 pair of boots of Mamnes {rC+ Int+3 Dex+4}
Stlth   +++.......              z - amulet of magic regeneration
HPRegen 0.35/turn               a - ring of flight
MPRegen 0.53/turn               m - +6 ring of intelligence

@: animating dead, flying, healing quickly
A: alive, fangs 3, see invisible, vampiric 2
a: Exsanguinate, Renounce Religion, Wall Jump


You were on level 6 of the Dungeon.
You worshipped Wu Jian.
Wu Jian was pleased with you.
You visited 1 branch of the dungeon, and saw 6 of its levels.

You collected 329 gold pieces.
You spent 148 gold pieces at shops.

Inventory:

Hand Weapons
 e - a +1 vampiric dagger
 g - a +3 dagger of venom (weapon)
 r - a +2 whip of draining
Armour
 c - the +1 pair of boots of Mamnes (worn) {rC+ Int+3 Dex+4}
   (You found it on level 2 of the Dungeon)

   Int:       It affects your intelligence (+3).
   Dex:       It affects your dexterity (+4).
   rC:        It protects you from cold.
 Q - the +1 ring mail of Depression (worn) {rElec rCorr Str+5}
   (You found it on level 3 of the Dungeon)

   Str:       It affects your strength (+5).
   rElec:     It insulates you from electricity.
   rCorr:     It protects you from acid and corrosion.
 V - a +0 leather armour of fire resistance
 W - a +0 cloak (worn)
Jewellery
 a - a ring of flight (left hand)
 m - a +6 ring of intelligence (right hand)
 z - an amulet of magic regeneration (around neck)
Wands
 F - a wand of flame (15)
 Z - a wand of polymorph (10)
Scrolls
 d - a scroll of amnesia
 i - 3 scrolls of teleportation
 k - a scroll of fear
 q - a scroll of brand weapon
 x - 2 scrolls of magic mapping
 N - a scroll of immolation
 T - a scroll of blinking
Potions
 b - a potion of magic
 h - 2 potions of degeneration
 j - 2 potions of flight
 v - a potion of heal wounds
 w - 2 potions of curing
 E - a potion of haste
 K - a potion of might
 R - a potion of attraction


   Skills:
 + Level 4.4 Dodging
 * Level 8.2 Stealth
 + Level 3.7 Spellcasting
 * Level 6.9 Necromancy


You had 6 spell levels left.
You knew the following spells:

 Your Spells              Type           Power      Damage    Failure   Level
a - Vampiric Draining     Necr           44%        2d9       3%          3
b - Animate Dead          Necr           44%        N/A       10%         4

Your spell library contained the following spells:

 Spells                   Type           Power      Damage    Failure   Level
 Necrotise                Necr           100%       1d9       1%          1
 Blink                    Tloc           10%        N/A       26%         2
 Agony                    Necr           44%        N/A       28%         5
 Lesser Beckoning         Tloc           5%         N/A       45%         3
 Borgnjor's Vile Clutch   Necr/Erth      12%        N/A       75%         5
 Alistair's Intoxication  Tmut/Pois      3%         N/A       99%         5
 Manifold Assault         Tloc           5%         N/A       99%         5
 Eringya's Noxious Bog    Tmut/Pois      2%         N/A       100%        6


Dungeon Overview and Level Annotations

Branches:
Dungeon (6/15)
 Temple: D:4-7

Altars:
Cheibriados
Ru
Wu Jian

Shops:
D:3 ?

Annotations:
D:6 1 runed translucent door, Crazy Yiuf


Innate Abilities, Weirdness & Mutations

Your natural rate of healing is accelerated.
You have razor-sharp teeth.
You have supernaturally acute eyesight. (SInv)
You are afflicted with vampirism and can become a bat while bloodless.


Message History

You swap places.
Crazy Yiuf laughs, "Defame!"
You swap places.
Crazy Yiuf says, "You bush light!"
You swap places.
Crazy Yiuf cries, "Shadow wrapper return to song!"
You swap places.
A jelly, an adder and an ogre come into view.
Found a robe.
The ogre shouts!
You hear an angry hiss.
The jelly quivers.
You hear an angry hiss.
The spell is quite dangerous to miscast (11% risk of failure)!
Continue anyway?
You dismiss your zombies and call upon the dead to rise afresh.
Your scorpion zombie crumbles into dust!
An adder comes into view.
Found 32 gold pieces.
The jelly hits you.
You are splashed with acid.
You resist.
You hit the jelly.
The jelly is poisoned.
Your hands burn!
You bite the jelly.
The jelly is heavily wounded.
The ogre hits you with a +0 giant club. The jelly hits you.
You are splashed with acid.
You resist. The adder barely misses you.
You closely miss the adder. The jelly hits you but does no damage.
The adder barely misses you. The ogre closely misses you.
You hit the adder.
The adder is poisoned.
The adder is heavily wounded.
The adder closely misses you. The jelly hits you.
You are splashed with acid.
You resist.
You hit the adder.
You kill the adder!
The Council accepts your kill.
The dead are slithering!
You kill the jelly!
The Council accepts your kill.
The dead are walking!
The ogre hits you with a +0 giant club! The adder bites your jelly zombie.
The ogre attacks as you move away!
The ogre hits you with a +0 giant club!!
Ouch! That really hurt!
You die...

... ##############
####....## $.#
.......<.....#####....#...#
.
..##########.##....####....
##.##.#### #.... ##...#.#
#.... #......# ##...
#....#.# ##.# . #.#.##.#
##. #@Z.#..# #.# #ZO.##.##
##.# ....S.##.# #.##
....#...##.# #+#
.[..###.###.# ... .... ..#
#.# #...# $.$ ...# #.#
#)..# .. ##.# #.##### #####
#.....#


You could see an ogre (ally target), an adder, a friendly adder zombie and a
friendly jelly zombie.

Vanquished Creatures
  An ice beast (D:5)
  A centaur (D:5)
  A phantom (D:5)
  A scorpion (D:6)
  2 orc priests
  A jelly (D:6)
  3 hounds
  An iguana (D:5)
  Ijyb (D:3)
  An orc wizard (D:5)
  A mummy (D:3)
  5 adders
  A shadow imp (D:5)
  2 ufetubi
  2 worms (D:2)
  A dart slug (D:1)
  8 orcs
  6 bats
  5 endoplasms
  4 giant cockroaches
  4 goblins
  11 hobgoblins
  5 quokkas
  3 ball pythons
  5 frilled lizards
  10 kobolds
  3 rats
89 creatures vanquished.

Vanquished Creatures (collateral kills)
  A black bear (D:5)
  An adder (D:5)
  An orc (D:5)
3 creatures vanquished.

Vanquished Creatures (others)
  An orc zombie (D:5)
  3 fungi (D:6)
4 creatures vanquished.

Grand Total: 96 creatures vanquished

Notes
Turn   | Place    | Note
-------+----------+-------------------------------------------
     0 | D:1      | SturmBrightblade the Vampire Necromancer began the quest
                  | for the Orb.
     0 | D:1      | Reached XP level 1. HP: 13/13 MP: 3/3
   160 | D:1      | Reached XP level 2. HP: 19/19 MP: 1/5
   259 | D:1      | Found a faded altar of an unknown god.
   285 | D:1      | Prayed at the altar of an unknown god.
   285 | D:1      | Became a worshipper of the Wu Jian Council
   285 | D:1      | Reached * piety under Wu Jian
   633 | D:1      | Gained mutation: You are afflicted with vampirism and can
                  | become a bat while bloodless. [Vampire growth]
   633 | D:1      | Reached XP level 3. HP: 14/19 MP: 2/6
  1401 | D:2      | Found a sacrificial altar of Ru.
  1410 | D:2      | Identified the +1 pair of boots of Mamnes {rC+ Int+3 Dex+4}
  1416 | D:2      | Learned a level 3 spell: Vampiric Draining
  1450 | D:2      | Reached skill level 4 in Stealth
  2009 | D:3      | Noticed Ijyb
  2038 | D:3      | Killed Ijyb
  2039 | D:3      | Reached skill level 5 in Necromancy
  2039 | D:3      | Reached XP level 4. HP: 13/27 MP: 7/7
  2409 | D:3      | Identified the +1 ring mail of Depression {rElec rCorr
                  | Str+5}
  2410 | D:3      | Reached ** piety under Wu Jian
  2465 | D:3      | Identified the +1 chain mail of Mental Paralysis {Dex+2}
  2477 | D:3      | Identified the +5 quarterstaff "Ykunumet" {vorpal, Int+4
                  | Stlth-}
  2615 | D:3      | Reached skill level 5 in Stealth
  2713 | D:3      | Found Zadod's Magic Scroll Shoppe.
  2721 | D:3      | Bought a scroll of blinking for 82 gold pieces
  2721 | D:3      | Bought a scroll of identify for 22 gold pieces
  2721 | D:3      | Bought a scroll of identify for 22 gold pieces
  2721 | D:3      | Bought a scroll of identify for 22 gold pieces
  2787 | D:4      | Found a snail-covered altar of Cheibriados.
  3123 | D:4      | Reached XP level 5. HP: 28/31 MP: 7/9
  3128 | D:4      | Learned a level 4 spell: Animate Dead
  3519 | D:4      | Reached skill level 6 in Stealth
  3807 | D:5      | Entered Level 5 of the Dungeon
  3935 | D:5      | Reached XP level 6. HP: 41/41 MP: 10/10
  4177 | D:5      | Reached skill level 7 in Stealth
  4296 | D:5      | Reached XP level 7. HP: 46/46 MP: 9/11
  5110 | D:6      | Reached skill level 8 in Stealth
  5145 | D:6      | Found a runed translucent door.
  5146 | D:6      | Noticed Crazy Yiuf
  5205 | D:6      | Mangled by an ogre

Illustrated notes

Levels and vault maps discovered:
D:1:      dpeg_arrival_tiny_c, layout_rooms, ebering_ecumenical_altar_abandoned,
          minmay_ruptured
D:2:      layout_basic, basic_altar, kennysheep_big_empty_room
D:3:      layout_basic, serial_shops, shop, minmay_misc_feat_iff, uniq_ijyb
D:4:      cheibrodos_greedy_goblins, layout_basic, slow_altar_1
D:5:      layout_basic, serial_bayou, serial_bayou_shore_b, serial_bayou_pond_e,
          serial_bayou_pond_e, serial_bayou_ford_a, minmay_tree_intersection,
          kennysheep_generic_room_3
D:6:      layout_loops_ring, kennysheep_small_spiral, uniq_crazy_yiuf_cottage

Skill      XL: |  1  2  3  4  5  6  7 |
---------------+----------------------+-----
Stealth        | 4 5 6 7 8 |  8.2
Necromancy     | 5 6 |  6.9
Dodging        | 3 4 |  4.4
Spellcasting   | 3 |  3.7

Action                   |  1- 3 |  4- 6 |  7- 9 || total
-------------------------+-------+-------+-------++-------
Melee: Unarmed           |     9 |       |       ||     9
       Dagger            |    34 |   145 |    37 ||   216
       Bite              |     7 |    19 |     7 ||    33
       Whip              |    16 |       |       ||    16
       Punch             |     1 |     2 |       ||     3
 Cast: Necrotise         |    27 |       |       ||    27
       Vampiric Draining |     3 |     1 |       ||     4
       Animate Dead      |       |     8 |     2 ||    10
Invok: Lunge             |     4 |    11 |     1 ||    16
       Whirlwind         |     1 |     4 |     1 ||     6
 Abil: Exsanguinate      |     1 |       |       ||     1
       Revivify          |     1 |       |       ||     1
       Wall Jump         |       |     3 |       ||     3
  Use: Scroll            |     7 |       |     9 ||    16
       Potion            |     1 |       |       ||     1
 Stab: Sleeping          |     4 |     4 |       ||     8
Armor: Robe              |     8 |     2 |       ||    10
       Chain mail        |       |    11 |       ||    11
       Ring mail         |       |    32 |     7 ||    39
Dodge: Dodged            |    29 |    64 |    17 ||   110
